 Dungeon Crawl Stone Soup version 0.29.1-15-g9cfb28693d (webtiles) character file.

Game seed: 2533585931127222545

88 raph the Changer (level 4, -1/36 HPs)
             Began as a Draconian Transmuter on Mar 29, 2023.
             Slain by a goblin
             ... wielding a +4 dagger of venom
             ... led by Robin
              (8 damage)
             ... on level 3 of the Dungeon.
             The game lasted 00:03:40 (2763 turns).

raph the Changer (Draconian Transmuter)             Turns: 2763, Time: 00:03:41

Health: -1/36      AC:  5    Str: 12    XL:     4   Next: 29%
Magic:  7/7        EV: 12    Int: 14    God:
Gold:   145        SH:  0    Dex: 13    Spells: 1/7 levels left

rFire   . . .      SeeInvis .     - Unarmed
rCold   . . .      Faith    .   (no shield)
rNeg    . . .      Spirit   .   (body armour unavailable)
rPois   +          Reflect  .   (helmet currently unavailable)
rElec   .          Harm     .   (no cloak)
rCorr   .          Rampage  .   (no gloves)
Will    .....                   (boots currently unavailable)
Stlth   +.........              (no amulet)
HPRegen 0.12/turn               l - ring of poison resistance
MPRegen 0.10/turn               (no ring)

@: lethally poisoned (-1 -> -13), appendages (expiring)
A: horns 2, talons 2, AC +5, unfitting armour, cold-blooded
a: End Transformation


You were on level 3 of the Dungeon.
You had temporarily grown beastly horns and talons.
You visited 1 branch of the dungeon, and saw 3 of its levels.

You collected 145 gold pieces.

Inventory:

Missiles
 i - 3 poisoned darts
Jewellery
 l - a ring of poison resistance (left hand)
Scrolls
 d - 2 scrolls of fear
 e - a scroll of blinking
 f - a scroll of enchant armour
Potions
 a - a potion of lignification
 b - 4 potions of curing
 c - a potion of heal wounds
 g - a potion of brilliance
 h - 2 potions of resistance
 j - a potion of haste {unknown}


   Skills:
 + Level 2.0 Fighting
 - Level 1.7 Dodging
 + Level 3.3 Unarmed Combat
 - Level 2.0 Spellcasting
 * Level 4.0 Transmutations


You had one spell level left.
You knew the following spells:

 Your Spells              Type           Power      Damage    Failure   Level
a - Beastly Appendage     Tmut           24%        N/A       4%          1
b - Wereblood             Tmut           12%        N/A       7%          2
c - Spider Form           Tmut/Pois      7%         N/A       30%         3

Your spell library contained the following spells:

 Spells                   Type           Power      Damage    Failure   Level
 Magic Dart               Conj           4%         1d3       24%         1
 Searing Ray              Conj           2%         2d4       34%         2
 Ice Form                 Ice/Tmut       7%         N/A       71%         4
 Fulminant Prism          Conj/Hex       0%         3d6       93%         4


Dungeon Overview and Level Annotations

Branches:
Dungeon (3/15)

Altars:

Annotations:
D:3 Robin


Innate Abilities, Weirdness & Mutations

You have temporarily grown beastly horns and talons.
Your plain brown scales are hard. (AC +5)
You cannot fit into any form of body armour.
You are cold-blooded and may be slowed by cold attacks.


Message History

The goblin unwields a +2 vampiric dagger.
The goblin wields a +0 sling.
The goblin shoots a sling bullet.
The sling bullet barely misses you.
You see here a frilled lizard corpse.
The goblin shouts!
You hit the goblin.
You tail-slap the goblin, but do no damage.
The goblin is moderately wounded.
Robin throws the goblin at you! The goblin completely misses you.
The goblin hits you with a +4 dagger of venom.
You hit the goblin.
You kill the goblin!
Robin throws the goblin at you! The goblin closely misses you.
The goblin hits you but does no damage.
You closely miss the hobgoblin. You claw the hobgoblin.
You headbutt the hobgoblin.
You kill the hobgoblin!
The goblin closely misses you. The goblin hits you but does no damage.
The goblin hits you with a +4 dagger of venom.
Robin roars a battlecry!
The goblins go into a battle-frenzy!
The goblin unwields a +0 sling.
The goblin wields a +2 vampiric dagger.
The goblin barely misses you.
Your Fighting skill increases to level 2!
You completely miss the goblin. You claw the goblin.
You kill the goblin!
The goblin barely misses you.
The goblin hits you with a +4 dagger of venom!
You are poisoned.
The goblin hits you with a +0 dagger. The goblin barely misses you.
The goblin closely misses you.
You closely miss the goblin. Your kick misses the goblin.
Your transformation is almost over.
You feel very sick.
The goblin hits you with a +2 vampiric dagger.
The goblin closely misses you. The goblin barely misses you.
The goblin hits you with a +0 club.
* * * LOW HITPOINT WARNING * * *
The goblin hits you with a +4 dagger of venom!
You die...

+.>...# #.....#
####'##.# #### #....##.#
+..#####'##.##.########
#......................
#...#######'###########
#...#......gg.....#
#...#.....)@gg....# ###
#...#.....ggg.....#
..####...#......g......#
..'..'...#.............#
..####...#[.....g.$....#
..# #...#!.....⌠......#
..# ###.#.............#
..# #.#.............#
..# ######


You could see Robin, a hobgoblin (strong) and 7 goblins.

Vanquished Creatures
  2 adders
  A worm (D:3)
  2 dart slugs
  6 endoplasms
  3 giant cockroaches
  5 goblins
  3 hobgoblins
  4 jackals (D:1)
  6 kobolds
  2 quokkas
  7 ball pythons
  9 bats
  3 frilled lizards
  6 rats
59 creatures vanquished.

Notes
Turn   | Place    | Note
-------+----------+-------------------------------------------
     0 | D:1      | raph the Draconian Transmuter began the quest for the Orb.
     0 | D:1      | Reached XP level 1. HP: 16/16 MP: 3/3
    68 | D:1      | Reached XP level 2. HP: 23/23 MP: 3/5
   249 | D:1      | Reached skill level 3 in Transmutations
   705 | D:1      | Learned a level 2 spell: Wereblood
   885 | D:1      | Reached XP level 3. HP: 28/28 MP: 4/6
   889 | D:1      | Learned a level 3 spell: Spider Form
  1969 | D:2      | Found a faded altar of an unknown god.
  2386 | D:3      | Reached XP level 4. HP: 33/36 MP: 7/7
  2441 | D:3      | Reached skill level 4 in Transmutations
  2757 | D:3      | Noticed Robin
  2763 | D:3      | Slain by a goblin

Illustrated notes

Levels and vault maps discovered:
D:1:      ncdulo_wetmaze, layout_loops_ring, chequers_garden
D:2:      layout_basic, chequers_ecumenical_altar_simple
D:3:      layout_basic, kennysheep_decorative_pillar, kennysheep_cluttered_room,
          kennysheep_generic_room_16, uniq_robin

Skill      XL: |  1  2  3  4 |
---------------+-------------+-----
Transmutations | 3 4 |  4.0
Fighting       | 2 |  2.0
Dodging        | |  1.7
Unarmed Combat | |  3.3
Spellcasting   | |  2.0

Action                   |  1- 3 |  4- 6 || total
-------------------------+-------+-------++-------
Melee: Unarmed           |   107 |    24 ||   131
       Tailslap          |    10 |     4 ||    14
       Kick              |    20 |     8 ||    28
       Headbutt          |    15 |     4 ||    19
       Punch             |     2 |     1 ||     3
 Cast: Beastly Appendage |    32 |     7 ||    39
  Use: Scroll            |    10 |     2 ||    12
Armor: Skin              |    32 |    14 ||    46
Dodge: Dodged            |    81 |    19 ||   100
